[ PARTIDA AOE2 · #469816971 ]
UnrankedJemeres vs Slavs
Equipo del jugador · DERR
[ ANÁLISIS DE REPETICIÓN · EXTRAÍDO DE LA PARTIDA GRABADA ]
Feudal
10:32
Castillos
13:13
Imperial
26:52
| APM promedio | 35.3 |
| APM pico | 92 |
| eAPM promedio | 24.5 |
| Aldeanos / militares | 178 / 520 |
Foco
⚔️ 38.4% · 🌾 61.6%
Battle Elephant ×263 · Scout Cavalry ×186 · Battering Ram ×39 · Scorpion ×28 · Trade Cart ×6 · Monk ×2
Feudal
12:50
Castillos
16:27
Imperial
20:57
| APM promedio | 22.6 |
| APM pico | 51 |
| eAPM promedio | 14.4 |
| Aldeanos / militares | 85 / 57 |
Foco
⚔️ 20.7% · 🌾 79.3%
Bombard Cannon ×57
Feudal
11:28
Castillos
15:01
Imperial
28:32
| APM promedio | 31.0 |
| APM pico | 62 |
| eAPM promedio | 22.4 |
| Aldeanos / militares | 193 / 270 |
Foco
⚔️ 33.3% · 🌾 66.7%
Boyar ×144 · Skirmisher ×93 · Battering Ram ×28 · Trade Cart ×4 · Monk ×2 · Mangonel ×2
Feudal
11:02
Castillos
14:43
Imperial
27:37
| APM promedio | 55.5 |
| APM pico | 103 |
| eAPM promedio | 34.4 |
| Aldeanos / militares | 117 / 493 |
Foco
⚔️ 48.2% · 🌾 51.8%
Skirmisher ×246 · Spearman ×232 · Bombard Cannon ×9 · Trebuchet (Packed) ×3 · Archer ×1 · Militia ×1
Feudal
10:31
Castillos
14:17
Imperial
27:22
| APM promedio | 43.7 |
| APM pico | 114 |
| eAPM promedio | 17.6 |
| Aldeanos / militares | 93 / 155 |
Foco
⚔️ 26.1% · 🌾 73.9%
Cavalry Archer ×126 · Knight ×16 · Trebuchet (Packed) ×9 · Magyar Huszar ×3 · Skirmisher ×1
Feudal
10:56
Castillos
15:16
Imperial
37:23
| APM promedio | 25.5 |
| APM pico | 63 |
| eAPM promedio | 18.2 |
| Aldeanos / militares | 132 / 411 |
Foco
⚔️ 50.5% · 🌾 49.5%
Spearman ×205 · Archer ×190 · Battering Ram ×13 · Trebuchet (Packed) ×3
Feudal
8:56
Castillos
15:07
Imperial
28:54
| APM promedio | 38.5 |
| APM pico | 86 |
| eAPM promedio | 26.0 |
| Aldeanos / militares | 262 / 199 |
Foco
⚔️ 20.9% · 🌾 79.1%
Genoese Crossbowman ×165 · Unknown (882) ×37 · Spearman ×16 · Mangonel ×10 · Monk ×3 · Battering Ram ×2
Feudal
10:39
Castillos
14:23
Imperial
27:59
| APM promedio | 38.5 |
| APM pico | 77 |
| eAPM promedio | 27.7 |
| Aldeanos / militares | 192 / 827 |
Foco
⚔️ 44.5% · 🌾 55.5%
Spearman ×429 · Knight ×230 · Scout Cavalry ×165 · Trebuchet (Packed) ×3
Mapa de la partida
Recursos iniciales + cada clic de construcción. Líneas = muros · curvas = relieve. ◆ oro · ⬟ piedra · ● bayas · ✦ reliquia · ◌ hueco del cierre
Tu base· ✓ Cerrada en 13:13 · 0t muro · 3 puerta(s)
Base de 2067· ✓ Cerrada en 16:27 · 0t muro · 3 puerta(s)
Base de QiuHua· ✓ Cerrada en 15:01 · 0t muro · 3 puerta(s)
Base de Алтайдың ар жағынан келген ару· ✓ Cerrada en 14:43 · 1t muro · 2 puerta(s)
Base de FEIJUE· ✓ Cerrada en 14:17 · 0t muro · 2 puerta(s)
Base de sada-aki· ✓ Cerrada en 15:16 · 0t muro · 2 puerta(s)
Base de 500分三高选手· ✓ Cerrada en 15:07 · 1t muro · 5 puerta(s)
Base de 車· ✓ Cerrada en 14:23 · 0t muro · 2 puerta(s)
Terreno inicial suavizado · ◌ = hueco del cierre detectado · pasá el cursor para detalles
Inputs por minuto
— Ackerman-lll - - 2067
Build order — Ackerman-lll
Primeras 150 de 682 acciones detectadas
| 0:01 | Crear | Villager (Male) |
| 0:02 | Crear | Villager (Male) |
| 0:03 | Construir | House |
| 0:04 | Construir | House |
| 0:08 | Crear | Villager (Male) |
| 0:09 | Crear | Villager (Male) |
| 1:26 | Crear | Villager (Male) |
| 1:26 | Crear | Villager (Male) |
| 2:03 | Crear | Villager (Male) |
| 2:03 | Crear | Villager (Male) |
| 2:03 | Crear | Villager (Male) |
| 2:13 | Construir | Lumber Camp |
| 2:22 | Crear | Villager (Male) |
| 2:22 | Crear | Villager (Male) |
| 3:17 | Crear | Villager (Male) |
| 3:17 | Crear | Villager (Male) |
| 3:45 | Crear | Villager (Male) |
| 4:07 | Construir | House |
| 4:16 | Crear | Villager (Male) |
| 4:17 | Crear | Villager (Male) |
| 4:55 | Construir | Mill |
| 5:01 | Crear | Villager (Male) |
| 5:19 | Crear | Villager (Male) |
| 5:19 | Crear | Villager (Male) |
| 5:29 | Crear | Villager (Male) |
| 5:30 | Crear | Villager (Male) |
| 5:35 | Construir | House |
| 7:23 | Crear | Villager (Male) |
| 7:23 | Crear | Villager (Male) |
| 8:06 | Construir | Mining Camp |
| 8:17 | Investigar | Feudal Age |
| 8:17 | Investigar | Feudal Age |
| 10:14 | Construir | House |
| 10:32 | Edad | Edad Feudal |
| 10:33 | Investigar | Castle Age |
| 10:33 | Investigar | Castle Age |
| 10:50 | Construir | Farm |
| 10:53 | Construir | Farm |
| 10:59 | Construir | Farm |
| 11:36 | Investigar | Double-Bit Axe |
| 13:12 | Crear | Villager (Male) |
| 13:13 | Edad | Edad de los Castillos |
| 13:18 | Construir | Town Center |
| 13:20 | Construir | Town Center |
| 13:28 | Investigar | Bow Saw |
| 14:09 | Crear | Villager (Male) |
| 14:34 | Investigar | Horse Collar |
| 14:34 | Investigar | Horse Collar |
| 14:41 | Construir | Farm |
| 14:50 | Construir | Farm |
| 14:52 | Construir | Farm |
| 14:58 | Construir | Monastery |
| 15:05 | Construir | Farm |
| 15:06 | Construir | Farm |
| 15:08 | Construir | Farm |
| 15:09 | Construir | Farm |
| 15:14 | Crear | Villager (Male) |
| 15:14 | Crear | Villager (Male) |
| 15:28 | Construir | Farm |
| 15:29 | Construir | Farm |
| 15:41 | Crear | Villager (Male) |
| 15:41 | Crear | Villager (Male) |
| 15:55 | Crear | Monk |
| 15:57 | Construir | Farm |
| 15:58 | Construir | Farm |
| 15:59 | Crear | Monk |
| 16:05 | Crear | Villager (Male) |
| 16:05 | Crear | Villager (Male) |
| 16:14 | Crear | Villager (Male) |
| 16:14 | Crear | Villager (Male) |
| 16:17 | Construir | Farm |
| 16:22 | Construir | Farm |
| 16:28 | Construir | Farm |
| 16:32 | Crear | Villager (Male) |
| 16:32 | Crear | Villager (Male) |
| 16:41 | Construir | Farm |
| 16:45 | Crear | Villager (Male) |
| 16:46 | Crear | Villager (Male) |
| 16:52 | Construir | Farm |
| 16:57 | Construir | Farm |
| 17:08 | Crear | Villager (Male) |
| 17:08 | Crear | Villager (Male) |
| 17:08 | Crear | Villager (Male) |
| 17:09 | Crear | Villager (Male) |
| 17:12 | Construir | Farm |
| 17:18 | Construir | House |
| 17:27 | Crear | Villager (Male) |
| 17:28 | Crear | Villager (Male) |
| 17:28 | Crear | Villager (Male) |
| 17:51 | Construir | House |
| 17:56 | Crear | Villager (Male) |
| 17:57 | Crear | Villager (Male) |
| 17:58 | Crear | Villager (Male) |
| 18:04 | Construir | Town Center |
| 18:18 | Crear | Villager (Male) |
| 18:19 | Crear | Villager (Male) |
| 18:19 | Crear | Villager (Male) |
| 18:23 | Construir | House |
| 18:29 | Construir | Farm |
| 18:42 | Crear | Villager (Male) |
| 18:42 | Crear | Villager (Male) |
| 18:43 | Crear | Villager (Male) |
| 18:46 | Construir | Farm |
| 18:47 | Construir | Farm |
| 19:04 | Crear | Villager (Male) |
| 19:04 | Crear | Villager (Male) |
| 19:04 | Crear | Villager (Male) |
| 19:06 | Construir | House |
| 19:19 | Crear | Villager (Male) |
| 19:20 | Crear | Villager (Male) |
| 19:20 | Crear | Villager (Male) |
| 19:23 | Construir | Farm |
| 19:26 | Construir | Farm |
| 19:27 | Construir | Farm |
| 19:32 | Construir | Farm |
| 19:33 | Construir | Farm |
| 19:39 | Construir | Farm |
| 19:41 | Crear | Villager (Male) |
| 19:42 | Crear | Villager (Male) |
| 19:47 | Construir | Farm |
| 19:50 | Construir | House |
| 19:56 | Crear | Villager (Male) |
| 20:03 | Investigar | Wheelbarrow |
| 20:05 | Crear | Villager (Male) |
| 20:06 | Crear | Villager (Male) |
| 20:09 | Construir | Farm |
| 20:12 | Construir | Farm |
| 20:18 | Construir | Farm |
| 20:24 | Construir | House |
| 20:26 | Crear | Villager (Male) |
| 20:27 | Crear | Villager (Male) |
| 20:27 | Crear | Villager (Male) |
| 20:40 | Crear | Villager (Male) |
| 20:40 | Crear | Villager (Male) |
| 20:40 | Crear | Villager (Male) |
| 20:44 | Construir | Farm |
| 20:55 | Construir | House |
| 21:04 | Crear | Villager (Male) |
| 21:05 | Crear | Villager (Male) |
| 21:05 | Crear | Villager (Male) |
| 21:20 | Construir | House |
| 21:25 | Crear | Villager (Male) |
| 21:26 | Crear | Villager (Male) |
| 21:26 | Crear | Villager (Male) |
| 21:37 | Crear | Villager (Male) |
| 21:37 | Crear | Villager (Male) |
| 21:38 | Crear | Villager (Male) |
| 21:38 | Crear | Villager (Male) |
| 21:43 | Construir | Farm |
| 21:43 | Construir | Farm |
Build order — 2067
Primeras 150 de 310 acciones detectadas
| 0:02 | Crear | Villager (Male) |
| 0:02 | Crear | Villager (Male) |
| 0:02 | Crear | Villager (Male) |
| 0:03 | Construir | House |
| 0:05 | Construir | House |
| 0:10 | Crear | Villager (Male) |
| 1:26 | Crear | Villager (Male) |
| 1:51 | Construir | Lumber Camp |
| 2:08 | Crear | Villager (Male) |
| 2:21 | Crear | Villager (Male) |
| 2:55 | Crear | Villager (Male) |
| 3:04 | Crear | Villager (Male) |
| 3:04 | Crear | Villager (Male) |
| 3:33 | Crear | Villager (Male) |
| 3:33 | Crear | Villager (Male) |
| 3:47 | Crear | Villager (Male) |
| 3:48 | Crear | Villager (Male) |
| 3:59 | Construir | House |
| 4:34 | Construir | House |
| 4:50 | Crear | Villager (Male) |
| 4:50 | Crear | Villager (Male) |
| 4:50 | Crear | Villager (Male) |
| 4:51 | Crear | Villager (Male) |
| 5:00 | Construir | Mill |
| 5:05 | Construir | House |
| 5:44 | Construir | House |
| 5:45 | Crear | Villager (Male) |
| 5:46 | Crear | Villager (Male) |
| 5:46 | Crear | Villager (Male) |
| 6:02 | Construir | Farm |
| 6:09 | Construir | Farm |
| 6:15 | Construir | House |
| 6:31 | Crear | Villager (Male) |
| 6:40 | Crear | Villager (Male) |
| 6:48 | Construir | Farm |
| 6:58 | Crear | Villager (Male) |
| 7:51 | Crear | Villager (Male) |
| 8:14 | Construir | Farm |
| 8:19 | Construir | Farm |
| 8:21 | Construir | Mining Camp |
| 8:24 | Crear | Villager (Male) |
| 8:35 | Crear | Villager (Male) |
| 9:21 | Crear | Villager (Male) |
| 9:34 | Crear | Villager (Male) |
| 9:35 | Crear | Villager (Male) |
| 10:00 | Investigar | Feudal Age |
| 10:43 | Construir | Farm |
| 10:54 | Crear | Villager (Male) |
| 10:54 | Crear | Villager (Male) |
| 12:50 | Edad | Edad Feudal |
| 12:54 | Construir | Market |
| 12:57 | Construir | Blacksmith |
| 13:00 | Investigar | Double-Bit Axe |
| 13:03 | Investigar | Gold Mining |
| 13:14 | Construir | Farm |
| 13:17 | Construir | Farm |
| 13:24 | Construir | Farm |
| 13:48 | Investigar | Castle Age |
| 13:55 | Construir | Mining Camp |
| 15:22 | Crear | Villager (Male) |
| 15:22 | Crear | Villager (Male) |
| 16:27 | Edad | Edad de los Castillos |
| 16:32 | Construir | University |
| 17:03 | Construir | Monastery |
| 17:07 | Crear | Villager (Male) |
| 17:45 | Construir | Mining Camp |
| 17:47 | Investigar | Imperial Age |
| 17:53 | Construir | House |
| 18:26 | Construir | House |
| 18:28 | Construir | House |
| 18:35 | Investigar | Stone Mining |
| 18:47 | Construir | House |
| 19:21 | Construir | House |
| 19:23 | Construir | House |
| 19:30 | Construir | House |
| 19:52 | Construir | House |
| 20:01 | Construir | House |
| 20:19 | Crear | Villager (Male) |
| 20:20 | Crear | Villager (Male) |
| 20:27 | Construir | House |
| 20:31 | Construir | House |
| 20:33 | Construir | House |
| 20:39 | Construir | House |
| 20:47 | Construir | House |
| 20:57 | Edad | Edad Imperial |
| 21:02 | Construir | Feitoria |
| 21:08 | Construir | Feitoria |
| 21:18 | Construir | House |
| 21:46 | Crear | Villager (Male) |
| 22:17 | Construir | House |
| 22:31 | Construir | House |
| 22:35 | Construir | House |
| 22:36 | Construir | House |
| 22:43 | Construir | Feitoria |
| 22:43 | Crear | Villager (Male) |
| 22:57 | Crear | Villager (Male) |
| 23:12 | Construir | Feitoria |
| 23:19 | Crear | Villager (Male) |
| 23:24 | Construir | House |
| 23:25 | Construir | House |
| 23:50 | Construir | House |
| 23:52 | Construir | House |
| 23:58 | Crear | Villager (Male) |
| 24:17 | Construir | Feitoria |
| 24:21 | Crear | Villager (Male) |
| 24:24 | Construir | House |
| 24:33 | Construir | House |
| 24:35 | Construir | House |
| 24:39 | Investigar | Chemistry |
| 24:39 | Investigar | Chemistry |
| 24:44 | Construir | Siege Workshop |
| 24:55 | Construir | Gate |
| 24:57 | Crear | Villager (Male) |
| 25:07 | Crear | Villager (Male) |
| 25:20 | Construir | Feitoria |
| 25:32 | Construir | House |
| 25:32 | Construir | House |
| 25:34 | Construir | House |
| 25:38 | Construir | House |
| 25:43 | Construir | House |
| 25:45 | Crear | Villager (Male) |
| 26:08 | Investigar | Fortified Wall (upgrade) |
| 26:13 | Investigar | Wheelbarrow |
| 26:21 | Construir | Feitoria |
| 26:30 | Construir | House |
| 26:31 | Construir | House |
| 26:37 | Construir | Mining Camp |
| 26:41 | Construir | House |
| 26:43 | Construir | House |
| 26:44 | Construir | House |
| 26:46 | Crear | Bombard Cannon |
| 26:50 | Construir | House |
| 26:53 | Investigar | Bow Saw |
| 27:20 | Investigar | Stone Shaft Mining |
| 27:27 | Construir | Feitoria |
| 27:36 | Investigar | Treadmill Crane |
| 27:36 | Investigar | Treadmill Crane |
| 27:37 | Investigar | Masonry |
| 27:52 | Construir | House |
| 28:02 | Investigar | Two-Man Saw |
| 28:11 | Construir | Lumber Camp |
| 28:17 | Investigar | Coinage |
| 28:29 | Construir | House |
| 28:35 | Crear | Bombard Cannon |
| 28:52 | Investigar | Loom |
| 28:52 | Investigar | Loom |
| 28:53 | Investigar | Town Watch |
| 28:53 | Investigar | Town Watch |
| 28:56 | Construir | Lumber Camp |
| 29:03 | Construir | House |
Build order — QiuHua
Primeras 150 de 606 acciones detectadas
| 0:04 | Crear | Villager (Male) ×4 |
| 0:04 | Crear | Villager (Male) ×4 |
| 0:05 | Construir | House |
| 0:06 | Construir | House |
| 1:41 | Crear | Villager (Male) |
| 1:47 | Construir | Lumber Camp |
| 2:09 | Crear | Villager (Male) |
| 2:10 | Crear | Villager (Male) |
| 2:18 | Crear | Villager (Male) |
| 2:18 | Crear | Villager (Male) |
| 2:54 | Crear | Villager (Male) |
| 2:54 | Crear | Villager (Male) |
| 3:15 | Crear | Villager (Male) |
| 3:15 | Crear | Villager (Male) |
| 3:19 | Construir | House |
| 4:10 | Crear | Villager (Male) |
| 4:10 | Crear | Villager (Male) |
| 4:10 | Crear | Villager (Male) |
| 4:42 | Crear | Villager (Male) |
| 4:42 | Crear | Villager (Male) |
| 5:04 | Construir | Mill |
| 5:18 | Crear | Villager (Male) |
| 5:18 | Crear | Villager (Male) |
| 5:44 | Construir | House |
| 6:05 | Crear | Villager (Male) |
| 6:30 | Crear | Villager (Male) |
| 7:02 | Crear | Villager (Male) |
| 7:38 | Crear | Villager (Male) |
| 7:39 | Crear | Villager (Male) |
| 7:40 | Crear | Villager (Male) |
| 8:03 | Crear | Villager (Male) |
| 8:32 | Construir | Farm |
| 8:33 | Construir | Farm |
| 8:50 | Construir | House |
| 8:56 | Construir | Mining Camp |
| 8:59 | Investigar | Feudal Age |
| 9:06 | Construir | Farm |
| 9:38 | Crear | Villager (Male) |
| 9:38 | Crear | Villager (Male) |
| 11:28 | Edad | Edad Feudal |
| 11:30 | Construir | Market |
| 11:33 | Construir | Blacksmith |
| 11:42 | Investigar | Double-Bit Axe |
| 12:21 | Investigar | Castle Age |
| 12:21 | Investigar | Castle Age |
| 12:35 | Construir | Lumber Camp |
| 12:42 | Investigar | Horse Collar |
| 13:57 | Construir | Farm |
| 14:23 | Construir | Farm |
| 15:01 | Edad | Edad de los Castillos |
| 15:02 | Construir | Town Center |
| 15:07 | Construir | Town Center |
| 15:24 | Investigar | Bow Saw |
| 15:28 | Crear | Villager (Male) |
| 15:30 | Construir | Farm |
| 15:32 | Crear | Villager (Male) |
| 15:46 | Construir | House |
| 15:55 | Crear | Villager (Male) |
| 16:03 | Investigar | Heavy Plow |
| 16:13 | Crear | Villager (Male) |
| 16:24 | Construir | Mining Camp |
| 16:27 | Crear | Villager (Male) |
| 16:27 | Crear | Villager (Male) |
| 16:33 | Crear | Villager (Male) |
| 16:33 | Crear | Villager (Male) |
| 16:37 | Construir | House |
| 16:51 | Construir | Farm |
| 16:54 | Construir | Farm |
| 16:56 | Construir | Farm |
| 16:57 | Crear | Villager (Male) |
| 16:57 | Crear | Villager (Male) |
| 16:59 | Construir | Farm |
| 16:59 | Construir | Farm |
| 17:03 | Construir | Farm |
| 17:05 | Construir | Farm |
| 17:07 | Construir | Farm |
| 17:09 | Construir | Farm |
| 17:14 | Construir | House |
| 17:15 | Construir | House |
| 17:16 | Crear | Villager (Male) |
| 17:16 | Crear | Villager (Male) |
| 17:29 | Construir | Farm |
| 17:31 | Construir | Farm |
| 17:41 | Crear | Villager (Male) |
| 17:42 | Crear | Villager (Male) |
| 17:43 | Construir | Farm |
| 17:56 | Crear | Villager (Male) |
| 18:02 | Crear | Villager (Male) |
| 18:16 | Construir | Farm |
| 18:19 | Construir | Farm |
| 18:24 | Construir | Farm |
| 18:26 | Construir | Farm |
| 18:27 | Crear | Villager (Male) |
| 18:27 | Crear | Villager (Male) |
| 18:34 | Construir | House |
| 18:35 | Crear | Villager (Male) |
| 18:43 | Construir | Farm |
| 18:55 | Construir | Farm |
| 18:56 | Crear | Villager (Male) |
| 18:56 | Crear | Villager (Male) |
| 18:58 | Construir | House |
| 18:59 | Crear | Villager (Male) |
| 19:14 | Crear | Villager (Male) |
| 19:14 | Crear | Villager (Male) |
| 19:28 | Construir | Town Center |
| 19:34 | Construir | House |
| 19:35 | Crear | Villager (Male) |
| 19:39 | Investigar | Wheelbarrow |
| 19:43 | Crear | Villager (Male) |
| 19:43 | Crear | Villager (Male) |
| 19:52 | Construir | Farm |
| 19:54 | Construir | House |
| 19:55 | Crear | Villager (Male) |
| 20:05 | Crear | Villager (Male) |
| 20:05 | Crear | Villager (Male) |
| 20:16 | Construir | House |
| 20:17 | Crear | Villager (Male) |
| 20:32 | Construir | Farm |
| 20:34 | Construir | Farm |
| 20:36 | Construir | Farm |
| 20:42 | Construir | Farm |
| 20:44 | Construir | Farm |
| 20:47 | Construir | Farm |
| 20:48 | Crear | Villager (Male) |
| 20:51 | Construir | House |
| 20:54 | Crear | Villager (Male) |
| 20:54 | Crear | Villager (Male) |
| 20:56 | Crear | Villager (Male) |
| 21:08 | Construir | Town Center |
| 21:18 | Crear | Villager (Male) |
| 21:19 | Crear | Villager (Male) |
| 21:20 | Crear | Villager (Male) |
| 21:20 | Crear | Villager (Male) |
| 21:27 | Construir | House |
| 21:40 | Construir | Monastery |
| 21:43 | Crear | Villager (Male) |
| 21:43 | Crear | Villager (Male) |
| 21:44 | Crear | Villager (Male) |
| 21:48 | Construir | Farm |
| 21:52 | Construir | Farm |
| 21:54 | Construir | Farm |
| 21:56 | Construir | Farm |
| 21:59 | Construir | Farm |
| 22:02 | Crear | Villager (Male) |
| 22:03 | Crear | Villager (Male) |
| 22:03 | Crear | Villager (Male) |
| 22:04 | Crear | Villager (Male) |
| 22:04 | Crear | Villager (Male) |
| 22:04 | Crear | Villager (Male) |
| 22:07 | Construir | Farm |
Build order — Алтайдың ар жағынан келген ару
Primeras 150 de 804 acciones detectadas
| 0:01 | Crear | Villager (Male) |
| 0:02 | Construir | House |
| 0:04 | Construir | House |
| 0:04 | Crear | Villager (Male) |
| 0:04 | Crear | Villager (Male) |
| 0:05 | Crear | Villager (Male) |
| 1:32 | Crear | Villager (Male) |
| 1:44 | Construir | Lumber Camp |
| 1:58 | Crear | Villager (Male) |
| 2:27 | Crear | Villager (Male) |
| 2:57 | Crear | Villager (Male) |
| 3:16 | Crear | Villager (Male) |
| 3:25 | Construir | House |
| 3:26 | Construir | House |
| 3:50 | Crear | Villager (Male) |
| 4:09 | Crear | Villager (Male) |
| 4:17 | Construir | Mill |
| 4:39 | Crear | Villager (Male) |
| 5:05 | Crear | Villager (Male) |
| 5:22 | Crear | Villager (Male) |
| 5:55 | Crear | Villager (Male) |
| 6:17 | Crear | Villager (Male) |
| 6:28 | Crear | Villager (Male) |
| 6:51 | Crear | Villager (Male) |
| 7:15 | Crear | Villager (Male) |
| 7:35 | Construir | Farm |
| 7:38 | Construir | Farm |
| 7:40 | Crear | Villager (Male) |
| 8:13 | Construir | Farm |
| 8:27 | Crear | Villager (Male) |
| 8:48 | Investigar | Feudal Age |
| 9:17 | Construir | House |
| 9:34 | Crear | Villager (Male) |
| 9:34 | Crear | Villager (Male) |
| 9:53 | Construir | Mining Camp |
| 11:02 | Edad | Edad Feudal |
| 11:07 | Construir | Market |
| 11:10 | Construir | Blacksmith |
| 11:20 | Crear | Villager (Male) |
| 12:03 | Investigar | Castle Age |
| 12:35 | Construir | Farm |
| 12:39 | Investigar | Double-Bit Axe |
| 12:39 | Investigar | Double-Bit Axe |
| 12:44 | Construir | Farm |
| 12:46 | Construir | Farm |
| 12:54 | Construir | House |
| 13:04 | Crear | Villager (Male) |
| 13:31 | Construir | Palisade Wall |
| 13:37 | Investigar | Wheelbarrow |
| 13:57 | Construir | House |
| 14:01 | Investigar | Horse Collar |
| 14:01 | Investigar | Horse Collar |
| 14:24 | Construir | Farm |
| 14:27 | Construir | Farm |
| 14:28 | Construir | Farm |
| 14:30 | Construir | Farm |
| 14:43 | Edad | Edad de los Castillos |
| 14:57 | Crear | Villager (Male) |
| 15:03 | Investigar | Bow Saw |
| 15:30 | Construir | Town Center |
| 15:53 | Crear | Villager (Male) |
| 16:28 | Construir | Farm |
| 16:36 | Construir | Farm |
| 16:47 | Crear | Villager (Male) |
| 16:47 | Crear | Villager (Male) |
| 16:59 | Crear | Villager (Male) |
| 16:59 | Crear | Villager (Male) |
| 17:13 | Construir | Lumber Camp |
| 17:18 | Construir | Castle |
| 17:29 | Crear | Villager (Male) |
| 17:29 | Crear | Villager (Male) |
| 17:34 | Construir | Farm |
| 17:36 | Construir | Farm |
| 17:46 | Crear | Villager (Male) |
| 17:54 | Construir | House |
| 18:07 | Crear | Villager (Male) |
| 18:08 | Crear | Villager (Male) |
| 18:22 | Construir | Mining Camp |
| 18:26 | Crear | Villager (Male) |
| 18:30 | Construir | Farm |
| 18:35 | Crear | Villager (Male) |
| 18:46 | Crear | Villager (Male) |
| 19:04 | Crear | Villager (Male) |
| 19:05 | Crear | Villager (Male) |
| 19:22 | Construir | Farm |
| 19:26 | Construir | Farm |
| 19:33 | Construir | Farm |
| 19:47 | Investigar | Hand Cart |
| 19:49 | Construir | Mill |
| 20:09 | Construir | Farm |
| 20:09 | Construir | Farm |
| 20:09 | Construir | Farm |
| 20:09 | Construir | Farm |
| 20:09 | Construir | Farm |
| 20:19 | Investigar | Heavy Plow |
| 20:23 | Crear | Villager (Male) |
| 20:31 | Construir | House |
| 20:35 | Crear | Villager (Male) |
| 20:41 | Construir | Farm |
| 20:47 | Construir | Farm |
| 20:55 | Construir | Farm |
| 20:58 | Construir | Farm |
| 21:04 | Construir | Farm |
| 21:06 | Crear | Villager (Male) |
| 21:06 | Crear | Villager (Male) |
| 21:13 | Construir | Farm |
| 21:19 | Construir | House |
| 21:32 | Crear | Villager (Male) |
| 21:32 | Crear | Villager (Male) |
| 21:37 | Construir | Barracks |
| 21:41 | Crear | Villager (Male) |
| 21:42 | Crear | Villager (Male) |
| 21:48 | Investigar | Gold Mining |
| 21:57 | Construir | Lumber Camp |
| 22:04 | Crear | Villager (Male) |
| 22:04 | Crear | Villager (Male) |
| 22:10 | Construir | Farm |
| 22:22 | Construir | Farm |
| 22:28 | Crear | Villager (Male) |
| 22:28 | Crear | Villager (Male) |
| 22:36 | Construir | Outpost |
| 22:51 | Construir | Farm |
| 22:53 | Crear | Villager (Male) |
| 23:03 | Crear | Villager (Male) |
| 23:19 | Crear | Villager (Male) |
| 23:20 | Crear | Villager (Male) |
| 23:24 | Construir | House |
| 23:25 | Construir | House |
| 23:36 | Construir | University |
| 23:44 | Crear | Villager (Male) |
| 23:44 | Crear | Villager (Male) |
| 23:50 | Investigar | Gold Shaft Mining |
| 23:55 | Construir | House |
| 23:56 | Construir | House |
| 24:07 | Crear | Villager (Male) |
| 24:07 | Crear | Villager (Male) |
| 24:25 | Investigar | Imperial Age |
| 24:31 | Construir | Farm |
| 24:36 | Investigar | Fletching |
| 24:45 | Crear | Villager (Male) |
| 24:46 | Crear | Villager (Male) |
| 24:48 | Crear | Villager (Male) |
| 25:09 | Crear | Villager (Male) |
| 25:11 | Crear | Villager (Male) |
| 25:12 | Investigar | Stone Mining |
| 25:30 | Construir | Mill |
| 25:32 | Construir | Farm |
| 25:32 | Construir | Farm |
| 25:32 | Construir | Farm |
| 25:32 | Construir | Farm |
Build order — FEIJUE
Primeras 150 de 334 acciones detectadas
| 0:01 | Crear | Villager (Male) |
| 0:01 | Crear | Villager (Male) |
| 0:02 | Construir | House |
| 0:04 | Construir | House |
| 0:07 | Crear | Villager (Male) |
| 0:07 | Crear | Villager (Male) |
| 0:07 | Crear | Villager (Male) |
| 1:28 | Crear | Villager (Male) |
| 1:56 | Construir | Lumber Camp |
| 2:00 | Crear | Villager (Male) |
| 2:20 | Crear | Villager (Male) |
| 2:46 | Crear | Villager (Male) |
| 3:01 | Crear | Villager (Male) |
| 3:25 | Construir | House |
| 3:38 | Crear | Villager (Male) |
| 3:55 | Construir | Mill |
| 3:55 | Crear | Villager (Male) |
| 4:09 | Construir | House |
| 4:27 | Crear | Villager (Male) |
| 4:41 | Construir | House |
| 4:51 | Crear | Villager (Male) |
| 5:18 | Crear | Villager (Male) |
| 5:27 | Crear | Villager (Male) |
| 5:28 | Construir | Farm |
| 5:52 | Crear | Villager (Male) |
| 6:01 | Crear | Villager (Male) |
| 7:02 | Crear | Villager (Male) |
| 7:19 | Crear | Villager (Male) |
| 7:19 | Crear | Villager (Male) |
| 8:19 | Investigar | Feudal Age |
| 9:52 | Crear | Villager (Male) |
| 9:52 | Crear | Villager (Male) |
| 10:31 | Edad | Edad Feudal |
| 10:32 | Construir | Market |
| 10:39 | Construir | Blacksmith |
| 11:10 | Construir | Lumber Camp |
| 11:37 | Investigar | Castle Age |
| 11:38 | Investigar | Castle Age |
| 11:59 | Investigar | Double-Bit Axe |
| 12:09 | Investigar | Horse Collar |
| 12:38 | Construir | Barracks |
| 12:47 | Construir | Mining Camp |
| 14:17 | Edad | Edad de los Castillos |
| 14:20 | Construir | Mining Camp |
| 14:23 | Crear | Villager (Male) |
| 14:23 | Crear | Villager (Male) |
| 14:54 | Construir | Farm |
| 14:58 | Construir | Farm |
| 15:02 | Construir | Farm |
| 15:11 | Construir | Farm |
| 15:22 | Construir | Farm |
| 15:24 | Crear | Villager (Male) |
| 15:24 | Crear | Villager (Male) |
| 15:36 | Construir | Farm |
| 15:47 | Crear | Villager (Male) |
| 15:53 | Construir | Farm |
| 16:02 | Construir | Town Center |
| 16:21 | Construir | Farm |
| 16:29 | Construir | Farm |
| 16:32 | Crear | Villager (Male) |
| 16:41 | Construir | Farm |
| 16:50 | Construir | Farm |
| 16:55 | Crear | Villager (Male) |
| 17:15 | Construir | House |
| 17:16 | Construir | House |
| 17:17 | Construir | House |
| 17:27 | Crear | Villager (Male) |
| 17:27 | Crear | Villager (Male) |
| 17:31 | Construir | Farm |
| 17:32 | Crear | Villager (Male) |
| 17:34 | Construir | Farm |
| 17:37 | Construir | Farm |
| 17:40 | Construir | Farm |
| 17:42 | Crear | Villager (Male) |
| 17:44 | Construir | Farm |
| 17:55 | Crear | Villager (Male) |
| 17:59 | Construir | Farm |
| 18:09 | Construir | House |
| 18:10 | Construir | House |
| 18:11 | Construir | House |
| 18:17 | Crear | Villager (Male) |
| 18:29 | Construir | Farm |
| 18:31 | Crear | Villager (Male) |
| 18:32 | Crear | Villager (Male) |
| 18:47 | Investigar | Stone Mining |
| 18:52 | Construir | Farm |
| 18:56 | Construir | House |
| 18:56 | Construir | House |
| 19:07 | Crear | Villager (Male) |
| 19:07 | Crear | Villager (Male) |
| 19:14 | Construir | Farm |
| 19:30 | Crear | Villager (Male) |
| 19:30 | Crear | Villager (Male) |
| 19:39 | Construir | Farm |
| 19:48 | Investigar | Wheelbarrow |
| 19:51 | Crear | Villager (Male) |
| 20:05 | Construir | Farm |
| 20:19 | Investigar | Gold Mining |
| 20:21 | Crear | Villager (Male) |
| 20:34 | Construir | Farm |
| 20:39 | Construir | House |
| 20:40 | Construir | House |
| 20:41 | Construir | House |
| 20:42 | Construir | House |
| 20:42 | Construir | House |
| 20:43 | Construir | House |
| 20:44 | Construir | House |
| 20:46 | Crear | Villager (Male) |
| 20:46 | Crear | Villager (Male) |
| 20:46 | Crear | Villager (Male) |
| 20:47 | Crear | Villager (Male) |
| 20:47 | Crear | Villager (Male) |
| 20:56 | Construir | Mill |
| 21:26 | Crear | Villager (Male) |
| 21:35 | Construir | Farm |
| 21:53 | Construir | Farm |
| 21:55 | Crear | Villager (Male) |
| 21:55 | Crear | Villager (Male) |
| 22:11 | Construir | Farm |
| 22:24 | Crear | Villager (Male) |
| 22:25 | Crear | Villager (Male) |
| 22:30 | Construir | Farm |
| 22:41 | Construir | Farm |
| 22:46 | Construir | Farm |
| 22:48 | Crear | Villager (Male) |
| 22:48 | Crear | Villager (Male) |
| 23:03 | Construir | Farm |
| 23:11 | Construir | Castle |
| 23:17 | Construir | Farm |
| 23:23 | Crear | Villager (Male) |
| 23:24 | Construir | Mill |
| 23:44 | Crear | Villager (Male) |
| 23:45 | Crear | Villager (Male) |
| 23:49 | Construir | Farm |
| 24:04 | Construir | Archery Range |
| 24:12 | Investigar | Imperial Age |
| 24:13 | Crear | Villager (Male) |
| 24:14 | Crear | Villager (Male) |
| 24:14 | Crear | Villager (Male) |
| 24:35 | Investigar | Bow Saw |
| 24:37 | Crear | Villager (Male) |
| 24:38 | Crear | Villager (Male) |
| 24:48 | Construir | Farm |
| 24:51 | Construir | Farm |
| 24:53 | Construir | Farm |
| 24:57 | Construir | Farm |
| 25:31 | Crear | Magyar Huszar |
| 25:31 | Crear | Magyar Huszar |
| 25:32 | Crear | Magyar Huszar |
| 25:40 | Construir | House |
Build order — sada-aki
Primeras 150 de 597 acciones detectadas
| 0:02 | Crear | Villager (Male) ×4 |
| 0:05 | Construir | House |
| 0:16 | Construir | House |
| 0:18 | Construir | House |
| 1:07 | Construir | Lumber Camp |
| 1:22 | Crear | Villager (Male) |
| 2:07 | Crear | Villager (Male) |
| 2:07 | Crear | Villager (Male) |
| 2:25 | Crear | Villager (Male) |
| 2:25 | Crear | Villager (Male) |
| 2:25 | Crear | Villager (Male) |
| 2:48 | Crear | Villager (Male) |
| 2:49 | Crear | Villager (Male) |
| 2:49 | Crear | Villager (Male) |
| 3:08 | Crear | Villager (Male) |
| 3:09 | Crear | Villager (Male) |
| 3:30 | Crear | Villager (Male) |
| 3:31 | Crear | Villager (Male) |
| 3:44 | Crear | Villager (Male) |
| 3:45 | Crear | Villager (Male) |
| 4:17 | Construir | Mining Camp |
| 4:34 | Crear | Villager (Male) ×2 |
| 4:52 | Crear | Villager (Male) |
| 5:14 | Construir | Mill |
| 5:47 | Crear | Villager (Male) ×3 |
| 5:52 | Construir | House |
| 5:54 | Construir | House |
| 5:55 | Construir | House |
| 6:17 | Crear | Villager (Male) ×2 |
| 6:47 | Crear | Villager (Male) |
| 7:13 | Crear | Villager (Male) |
| 7:23 | Investigar | Loom |
| 8:01 | Construir | Farm |
| 8:27 | Construir | Farm |
| 8:46 | Investigar | Feudal Age |
| 9:51 | Crear | Villager (Male) |
| 9:52 | Crear | Villager (Male) |
| 9:52 | Crear | Villager (Male) |
| 9:52 | Crear | Villager (Male) |
| 10:56 | Edad | Edad Feudal |
| 10:59 | Construir | Market |
| 11:01 | Construir | Blacksmith |
| 11:13 | Investigar | Double-Bit Axe |
| 11:56 | Construir | House |
| 11:57 | Construir | House |
| 12:28 | Construir | House |
| 12:31 | Investigar | Castle Age |
| 12:47 | Investigar | Horse Collar |
| 13:13 | Construir | Farm |
| 13:14 | Construir | Farm |
| 13:22 | Construir | Farm |
| 13:30 | Construir | Farm |
| 13:37 | Construir | Farm |
| 13:52 | Construir | Farm |
| 13:54 | Construir | Farm |
| 15:16 | Edad | Edad de los Castillos |
| 15:19 | Construir | Town Center |
| 15:22 | Investigar | Bow Saw |
| 15:24 | Crear | Villager (Male) ×4 |
| 15:57 | Construir | Farm |
| 16:15 | Crear | Villager (Male) |
| 16:15 | Crear | Villager (Male) |
| 16:18 | Construir | Town Center |
| 16:23 | Construir | Farm |
| 16:26 | Construir | Farm |
| 16:27 | Construir | Farm |
| 16:37 | Crear | Villager (Male) |
| 16:38 | Crear | Villager (Male) |
| 16:44 | Construir | Farm |
| 16:49 | Construir | House |
| 16:50 | Construir | House |
| 16:50 | Construir | House |
| 17:11 | Construir | Farm |
| 17:13 | Construir | Farm |
| 17:24 | Construir | Town Center |
| 17:29 | Crear | Villager (Male) |
| 17:29 | Crear | Villager (Male) |
| 17:29 | Crear | Villager (Male) |
| 17:36 | Construir | Farm |
| 17:53 | Crear | Villager (Male) |
| 17:53 | Crear | Villager (Male) |
| 17:54 | Crear | Villager (Male) |
| 18:11 | Construir | Farm |
| 18:14 | Crear | Villager (Male) |
| 18:14 | Crear | Villager (Male) |
| 18:15 | Crear | Villager (Male) |
| 18:19 | Construir | House |
| 18:20 | Construir | House |
| 18:27 | Construir | Farm |
| 18:42 | Construir | Mining Camp |
| 18:49 | Crear | Villager (Male) |
| 18:50 | Crear | Villager (Male) |
| 18:50 | Crear | Villager (Male) |
| 18:51 | Crear | Villager (Male) |
| 18:58 | Construir | Farm |
| 19:02 | Construir | Farm |
| 19:13 | Construir | House |
| 19:15 | Construir | House |
| 19:19 | Crear | Villager (Male) |
| 19:20 | Crear | Villager (Male) |
| 19:20 | Crear | Villager (Male) |
| 19:20 | Crear | Villager (Male) |
| 19:25 | Construir | Farm |
| 19:26 | Construir | Farm |
| 19:43 | Crear | Villager (Male) |
| 19:43 | Crear | Villager (Male) |
| 19:44 | Crear | Villager (Male) |
| 19:53 | Crear | Villager (Male) |
| 19:53 | Crear | Villager (Male) |
| 19:56 | Construir | Farm |
| 20:05 | Construir | University |
| 20:16 | Construir | Farm |
| 20:19 | Crear | Villager (Male) |
| 20:19 | Crear | Villager (Male) |
| 20:20 | Crear | Villager (Male) |
| 20:20 | Crear | Villager (Male) |
| 20:26 | Construir | House |
| 20:27 | Construir | House |
| 20:47 | Crear | Villager (Male) |
| 20:48 | Crear | Villager (Male) |
| 20:48 | Crear | Villager (Male) |
| 20:49 | Crear | Villager (Male) |
| 21:00 | Construir | Barracks |
| 21:06 | Construir | Farm |
| 21:18 | Construir | Farm |
| 21:19 | Crear | Villager (Male) |
| 21:20 | Crear | Villager (Male) |
| 21:20 | Crear | Villager (Male) |
| 21:21 | Crear | Villager (Male) |
| 21:25 | Construir | House |
| 21:26 | Construir | House |
| 21:26 | Construir | House |
| 21:26 | Construir | House |
| 21:26 | Construir | House |
| 21:27 | Construir | House |
| 21:28 | Construir | House |
| 21:34 | Construir | Mining Camp |
| 21:49 | Crear | Villager (Male) |
| 21:50 | Crear | Villager (Male) |
| 21:50 | Crear | Villager (Male) |
| 21:50 | Crear | Villager (Male) |
| 21:58 | Investigar | Fletching |
| 22:00 | Investigar | Treadmill Crane |
| 22:14 | Crear | Villager (Male) |
| 22:14 | Crear | Villager (Male) |
| 22:14 | Crear | Villager (Male) |
| 22:15 | Crear | Villager (Male) |
| 22:37 | Crear | Villager (Male) |
| 22:37 | Crear | Villager (Male) |
| 22:37 | Crear | Villager (Male) |
Build order — 500分三高选手
Primeras 150 de 604 acciones detectadas
| 0:02 | Construir | House |
| 0:05 | Construir | House |
| 0:05 | Crear | Villager (Male) |
| 0:06 | Crear | Villager (Male) |
| 0:06 | Crear | Villager (Male) |
| 0:06 | Crear | Villager (Male) |
| 0:06 | Crear | Villager (Male) |
| 1:28 | Crear | Villager (Male) |
| 1:49 | Construir | Lumber Camp |
| 2:02 | Crear | Villager (Male) |
| 2:22 | Crear | Villager (Male) |
| 2:22 | Crear | Villager (Male) |
| 2:53 | Crear | Villager (Male) |
| 2:53 | Crear | Villager (Male) |
| 3:15 | Crear | Villager (Male) |
| 3:15 | Crear | Villager (Male) |
| 3:41 | Crear | Villager (Male) |
| 3:52 | Crear | Villager (Male) |
| 3:52 | Crear | Villager (Male) |
| 4:03 | Construir | House |
| 4:04 | Construir | House |
| 4:04 | Construir | House |
| 4:30 | Crear | Villager (Male) |
| 4:30 | Crear | Villager (Male) |
| 4:42 | Crear | Villager (Male) |
| 5:28 | Crear | Villager (Male) |
| 5:39 | Construir | Mill |
| 5:45 | Crear | Villager (Male) |
| 6:13 | Crear | Villager (Male) |
| 6:35 | Investigar | Feudal Age |
| 6:35 | Investigar | Feudal Age |
| 7:04 | Construir | Mining Camp |
| 8:02 | Crear | Villager (Male) |
| 8:46 | Crear | Villager (Male) |
| 8:56 | Edad | Edad Feudal |
| 9:00 | Construir | Market |
| 9:46 | Construir | Blacksmith |
| 9:48 | Crear | Villager (Male) |
| 10:06 | Crear | Villager (Male) |
| 10:16 | Construir | Stone Wall |
| 10:20 | Construir | Gate |
| 10:34 | Construir | Farm |
| 10:35 | Construir | Farm |
| 10:38 | Construir | Farm |
| 10:40 | Crear | Villager (Male) |
| 11:02 | Crear | Villager (Male) |
| 11:10 | Construir | Farm |
| 11:14 | Construir | Farm |
| 11:19 | Construir | Farm |
| 11:28 | Crear | Villager (Male) |
| 11:44 | Construir | House |
| 11:48 | Construir | Gate |
| 11:57 | Crear | Villager (Male) |
| 12:10 | Construir | Farm |
| 12:16 | Construir | Farm |
| 12:27 | Investigar | Castle Age |
| 12:27 | Investigar | Castle Age |
| 12:43 | Construir | House |
| 14:02 | Construir | House |
| 14:39 | Investigar | Horse Collar |
| 14:40 | Investigar | Double-Bit Axe |
| 14:43 | Crear | Villager (Male) |
| 15:07 | Edad | Edad de los Castillos |
| 15:09 | Construir | Town Center |
| 15:11 | Crear | Villager (Male) |
| 15:29 | Crear | Villager (Male) |
| 15:43 | Construir | Town Center |
| 15:47 | Crear | Villager (Male) |
| 16:14 | Crear | Villager (Male) |
| 16:27 | Crear | Villager (Male) |
| 16:34 | Crear | Villager (Male) |
| 16:34 | Crear | Villager (Male) |
| 16:40 | Construir | Farm |
| 16:47 | Crear | Villager (Male) |
| 16:51 | Construir | Farm |
| 16:52 | Construir | Farm |
| 16:55 | Construir | Farm |
| 16:59 | Crear | Villager (Male) |
| 17:04 | Crear | Villager (Male) |
| 17:04 | Crear | Villager (Male) |
| 17:04 | Crear | Villager (Male) |
| 17:06 | Crear | Villager (Male) |
| 17:07 | Crear | Villager (Male) |
| 17:17 | Crear | Villager (Male) |
| 17:45 | Construir | Farm |
| 17:46 | Construir | Farm |
| 17:47 | Construir | Farm |
| 18:07 | Construir | House |
| 18:12 | Construir | Gate |
| 18:15 | Crear | Villager (Male) |
| 18:15 | Crear | Villager (Male) |
| 18:15 | Crear | Villager (Male) |
| 18:20 | Construir | House |
| 18:21 | Construir | House |
| 18:22 | Construir | House |
| 18:23 | Construir | House |
| 18:24 | Construir | House |
| 18:26 | Construir | House |
| 18:27 | Construir | House |
| 18:28 | Construir | House |
| 18:29 | Construir | House |
| 18:32 | Construir | Stone Wall |
| 18:35 | Crear | Villager (Male) |
| 18:35 | Crear | Villager (Male) |
| 18:51 | Investigar | Bow Saw |
| 18:59 | Construir | Farm |
| 19:06 | Crear | Villager (Male) |
| 19:09 | Construir | Farm |
| 19:11 | Construir | Farm |
| 19:13 | Crear | Villager (Male) |
| 19:21 | Crear | Villager (Male) |
| 19:21 | Crear | Villager (Male) |
| 19:27 | Investigar | Loom |
| 19:31 | Crear | Villager (Male) |
| 19:35 | Crear | Villager (Male) |
| 19:35 | Crear | Villager (Male) |
| 19:46 | Construir | Town Center |
| 19:51 | Crear | Villager (Male) |
| 19:51 | Crear | Villager (Male) |
| 19:56 | Construir | Farm |
| 20:05 | Crear | Villager (Male) |
| 20:05 | Crear | Villager (Male) |
| 20:05 | Crear | Villager (Male) |
| 20:06 | Crear | Villager (Male) |
| 20:20 | Crear | Villager (Male) |
| 20:20 | Crear | Villager (Male) |
| 20:28 | Crear | Villager (Male) |
| 20:38 | Crear | Villager (Male) |
| 20:38 | Crear | Villager (Male) |
| 20:38 | Crear | Villager (Male) |
| 20:49 | Construir | Monastery |
| 20:54 | Crear | Villager (Male) |
| 20:54 | Crear | Villager (Male) |
| 20:55 | Crear | Villager (Male) |
| 21:04 | Construir | Farm |
| 21:07 | Crear | Villager (Male) |
| 21:07 | Crear | Villager (Male) |
| 21:07 | Crear | Villager (Male) |
| 21:14 | Construir | Farm |
| 21:17 | Construir | Farm |
| 21:17 | Crear | Villager (Male) |
| 21:18 | Crear | Villager (Male) |
| 21:18 | Crear | Villager (Male) |
| 21:24 | Construir | Farm |
| 21:26 | Crear | Villager (Male) |
| 21:35 | Crear | Villager (Male) |
| 21:35 | Crear | Villager (Male) |
| 21:36 | Crear | Monk |
| 21:42 | Crear | Villager (Male) |
| 21:43 | Crear | Villager (Male) |
Build order — 車
Primeras 150 de 860 acciones detectadas
| 0:01 | Crear | Villager (Male) |
| 0:01 | Crear | Villager (Male) |
| 0:02 | Crear | Villager (Male) |
| 0:02 | Crear | Villager (Male) |
| 0:04 | Construir | House |
| 0:05 | Construir | House |
| 1:33 | Crear | Villager (Male) |
| 1:34 | Crear | Villager (Male) |
| 2:03 | Crear | Villager (Male) |
| 2:03 | Crear | Villager (Male) |
| 2:36 | Construir | Lumber Camp |
| 2:39 | Crear | Villager (Male) |
| 2:39 | Crear | Villager (Male) |
| 3:01 | Crear | Villager (Male) |
| 3:01 | Crear | Villager (Male) |
| 3:05 | Crear | Villager (Male) |
| 3:06 | Crear | Villager (Male) |
| 3:27 | Crear | Villager (Male) |
| 3:27 | Crear | Villager (Male) |
| 3:41 | Crear | Villager (Male) |
| 3:57 | Construir | House |
| 4:12 | Crear | Villager (Male) |
| 4:26 | Crear | Villager (Male) |
| 4:27 | Crear | Villager (Male) |
| 4:32 | Construir | House |
| 4:56 | Crear | Villager (Male) |
| 4:56 | Crear | Villager (Male) |
| 4:56 | Crear | Villager (Male) |
| 4:56 | Crear | Villager (Male) |
| 5:13 | Construir | Mill |
| 5:19 | Crear | Villager (Male) |
| 5:19 | Crear | Villager (Male) |
| 5:20 | Crear | Villager (Male) |
| 6:19 | Crear | Villager (Male) |
| 6:31 | Crear | Villager (Male) |
| 7:07 | Construir | Mining Camp |
| 7:54 | Crear | Villager (Male) |
| 8:06 | Construir | Farm |
| 8:26 | Investigar | Feudal Age |
| 8:26 | Investigar | Feudal Age |
| 8:52 | Crear | Villager (Male) |
| 8:52 | Crear | Villager (Male) |
| 9:39 | Construir | House |
| 10:39 | Edad | Edad Feudal |
| 10:42 | Construir | Blacksmith |
| 10:48 | Construir | Market |
| 11:43 | Investigar | Castle Age |
| 11:44 | Investigar | Castle Age |
| 12:20 | Investigar | Double-Bit Axe |
| 12:20 | Investigar | Double-Bit Axe |
| 13:03 | Investigar | Horse Collar |
| 13:03 | Investigar | Horse Collar |
| 13:28 | Construir | Farm |
| 13:36 | Crear | Villager (Male) |
| 14:03 | Construir | Farm |
| 14:23 | Edad | Edad de los Castillos |
| 14:26 | Construir | Town Center |
| 14:29 | Crear | Villager (Male) |
| 14:33 | Construir | Farm |
| 14:51 | Construir | Farm |
| 14:56 | Construir | Town Center |
| 15:11 | Crear | Villager (Male) |
| 15:16 | Construir | Farm |
| 15:17 | Crear | Villager (Male) |
| 15:17 | Crear | Villager (Male) |
| 15:18 | Crear | Villager (Male) |
| 15:29 | Construir | Farm |
| 15:43 | Construir | Farm |
| 15:45 | Crear | Villager (Male) |
| 15:46 | Crear | Villager (Male) |
| 15:46 | Crear | Villager (Male) |
| 15:54 | Crear | Villager (Male) |
| 15:54 | Crear | Villager (Male) |
| 16:02 | Crear | Villager (Male) |
| 16:03 | Crear | Villager (Male) |
| 16:03 | Crear | Villager (Male) |
| 16:05 | Construir | Farm |
| 16:05 | Construir | Farm |
| 16:06 | Construir | Farm |
| 16:15 | Construir | Farm |
| 16:27 | Crear | Villager (Male) |
| 16:27 | Crear | Villager (Male) |
| 16:31 | Construir | Farm |
| 16:38 | Construir | Farm |
| 16:46 | Crear | Villager (Male) |
| 16:47 | Crear | Villager (Male) |
| 16:54 | Crear | Villager (Male) |
| 16:54 | Crear | Villager (Male) |
| 16:58 | Construir | Farm |
| 17:01 | Crear | Villager (Male) |
| 17:01 | Crear | Villager (Male) |
| 17:11 | Crear | Villager (Male) |
| 17:15 | Construir | Farm |
| 17:26 | Crear | Villager (Male) |
| 17:26 | Crear | Villager (Male) |
| 17:30 | Construir | House |
| 17:31 | Construir | House |
| 17:42 | Construir | Farm |
| 17:46 | Construir | Farm |
| 17:46 | Construir | Farm |
| 17:46 | Construir | Farm |
| 17:50 | Construir | Farm |
| 17:54 | Crear | Villager (Male) |
| 17:54 | Crear | Villager (Male) |
| 17:54 | Crear | Villager (Male) |
| 17:55 | Crear | Villager (Male) |
| 17:59 | Construir | House |
| 18:00 | Construir | House |
| 18:12 | Construir | Town Center |
| 18:15 | Crear | Villager (Male) |
| 18:16 | Crear | Villager (Male) |
| 18:16 | Crear | Villager (Male) |
| 18:28 | Construir | Farm |
| 18:32 | Crear | Villager (Male) |
| 18:32 | Crear | Villager (Male) |
| 18:32 | Crear | Villager (Male) |
| 18:39 | Crear | Villager (Male) |
| 18:44 | Construir | Farm |
| 18:54 | Construir | Farm |
| 19:12 | Crear | Villager (Male) |
| 19:12 | Crear | Villager (Male) |
| 19:12 | Crear | Villager (Male) |
| 19:12 | Crear | Villager (Male) |
| 19:13 | Crear | Villager (Male) |
| 19:14 | Crear | Villager (Male) |
| 19:14 | Crear | Villager (Male) |
| 19:14 | Crear | Villager (Male) |
| 19:17 | Construir | Farm |
| 19:22 | Construir | House |
| 19:29 | Crear | Villager (Male) |
| 19:29 | Crear | Villager (Male) |
| 19:29 | Crear | Villager (Male) |
| 19:33 | Crear | Villager (Male) |
| 19:33 | Crear | Villager (Male) |
| 19:34 | Crear | Villager (Male) |
| 19:34 | Crear | Villager (Male) |
| 19:34 | Crear | Villager (Male) |
| 19:41 | Construir | Farm |
| 19:44 | Construir | Farm |
| 19:45 | Construir | Farm |
| 19:48 | Crear | Villager (Male) |
| 19:48 | Crear | Villager (Male) |
| 19:52 | Construir | Farm |
| 19:55 | Crear | Villager (Male) |
| 19:56 | Crear | Villager (Male) |
| 19:56 | Crear | Villager (Male) |
| 19:59 | Construir | House |
| 20:05 | Crear | Villager (Male) |
| 20:05 | Crear | Villager (Male) |
| 20:05 | Crear | Villager (Male) |
Cronología de la partida
| 8:56 | 500分三高选手 · age_up feudal |
| 10:16 | 500分三高选手 · wall_segment Stone Wall x1 |
| 10:31 | FEIJUE · age_up feudal |
| 10:32 | Ackerman-lll · age_up feudal |
| 10:39 | 車 · age_up feudal |
| 10:56 | sada-aki · age_up feudal |
| 11:02 | Алтайдың ар жағынан келген ару · age_up feudal |
| 11:24 | FEIJUE · first_market_sell 100 stone |
| 11:28 | QiuHua · age_up feudal |
| 11:57 | Алтайдың ар жағынан келген ару · first_market_sell 100 stone |
| 12:24 | 500分三高选手 · first_market_buy 100 food |
| 12:25 | 500分三高选手 · first_market_sell 100 wood |
| 12:38 | FEIJUE · first_building Barracks |
| 12:50 | 2067 · age_up feudal |
| 13:13 | Ackerman-lll · age_up castle |
| 13:31 | Алтайдың ар жағынан келген ару · wall_segment Palisade Wall x1 |
| 14:17 | FEIJUE · age_up castle |
| 14:23 | 車 · age_up castle |
| 14:43 | Алтайдың ар жағынан келген ару · age_up castle |
| 14:58 | Ackerman-lll · first_building Monastery |
| 15:01 | QiuHua · age_up castle |
| 15:07 | 500分三高选手 · age_up castle |
| 15:16 | sada-aki · age_up castle |
| 16:01 | 車 · first_market_buy 100 food |
| 16:27 | 2067 · age_up castle |
| 17:03 | 2067 · first_building Monastery |
| 17:18 | 2067 · first_market_buy 100 food |
| 17:18 | Алтайдың ар жағынан келген ару · first_building Castle |
| 18:32 | 500分三高选手 · wall_segment Stone Wall x1 |
| 20:49 | 500分三高选手 · first_building Monastery |
| 20:57 | 2067 · age_up imperial |
| 21:00 | sada-aki · first_building Barracks |
| 21:37 | Алтайдың ар жағынан келген ару · first_building Barracks |
| 21:40 | QiuHua · first_building Monastery |
| 23:11 | FEIJUE · first_building Castle |
| 23:14 | 車 · first_building Monastery |
| 23:17 | sada-aki · first_building Archery Range |
| 23:34 | 500分三高选手 · first_building Castle |
| 23:49 | QiuHua · first_building Barracks |
| 24:04 | FEIJUE · first_building Archery Range |
| 24:11 | Ackerman-lll · first_building Stable |
| 24:28 | 車 · first_building Barracks |
| 24:44 | 2067 · first_building Siege Workshop |
| 25:18 | Ackerman-lll · first_market_buy 100 wood |
| 25:42 | 車 · first_building Castle |
| 25:51 | Алтайдың ар жағынан келген ару · first_building Archery Range |
| 25:56 | sada-aki · first_building Siege Workshop |
| 25:58 | 500分三高选手 · first_building Barracks |
| 26:05 | FEIJUE · first_market_buy 100 wood |
| 26:09 | QiuHua · wall_segment Stone Wall x1 |
| 26:27 | 500分三高选手 · wall_segment Stone Wall x1 |
| 26:37 | Ackerman-lll · first_building Castle |
| 26:43 | 車 · first_building Stable |
| 26:52 | Ackerman-lll · age_up imperial |
| 26:53 | QiuHua · first_building Castle |
| 27:03 | Алтайдың ар жағынан келген ару · first_market_buy 100 wood |
| 27:05 | sada-aki · first_building Castle |
| 27:22 | FEIJUE · age_up imperial |
| 27:23 | FEIJUE · first_building Stable |
| 27:23 | QiuHua · first_building Stable |
| 27:37 | Алтайдың ар жағынан келген ару · age_up imperial |
| 27:48 | 500分三高选手 · first_building Archery Range |
| 27:56 | QiuHua · first_building Siege Workshop |
| 27:56 | sada-aki · first_market_sell 500 food |
| 27:59 | 車 · age_up imperial |
| 28:32 | QiuHua · age_up imperial |
| 28:41 | Ackerman-lll · first_building Siege Workshop |
| 28:54 | 500分三高选手 · age_up imperial |
| 29:41 | 2067 · first_building Castle |
| 30:51 | QiuHua · first_market_sell 100 wood |
| 32:20 | 車 · first_market_sell 500 wood |
| 32:31 | QiuHua · first_market_buy 100 stone |
| 32:32 | Ackerman-lll · first_market_sell 100 food |
| 33:40 | 500分三高选手 · first_building Siege Workshop |
| 34:07 | 2067 · first_market_sell 100 food |
| 34:35 | 2067 · tribute_sent a jugador 2 |
| 34:35 | 2067 · tribute_sent a jugador 3 |
| 34:35 | 2067 · tribute_sent a jugador 4 |
| 34:35 | 2067 · tribute_sent a jugador 5 |
| 34:35 | 2067 · tribute_sent a jugador 6 |
| 34:35 | 2067 · tribute_sent a jugador 7 |
| 34:35 | 2067 · tribute_sent a jugador 8 |
| 36:15 | Алтайдың ар жағынан келген ару · first_building Siege Workshop |
| 36:36 | 500分三高选手 · wall_segment Stone Wall x3 |
| 36:50 | 車 · first_building Donjon |
| 36:54 | 2067 · tribute_sent a jugador 2 |
| 36:54 | 2067 · tribute_sent a jugador 3 |
| 36:54 | 2067 · tribute_sent a jugador 4 |
| 36:54 | 2067 · tribute_sent a jugador 5 |
| 36:54 | 2067 · tribute_sent a jugador 6 |
| 36:54 | 2067 · tribute_sent a jugador 7 |
| 36:54 | 2067 · tribute_sent a jugador 8 |
| 36:58 | 500分三高选手 · wall_segment Stone Wall x2 |
| 37:23 | sada-aki · age_up imperial |
| 38:22 | Алтайдың ар жағынан келген ару · tribute_sent a jugador 1 |
| 38:22 | Алтайдың ар жағынан келген ару · tribute_sent a jugador 2 |
| 38:22 | Алтайдың ар жағынан келген ару · tribute_sent a jugador 4 |
| 38:22 | Алтайдың ар жағынан келген ару · tribute_sent a jugador 5 |
| 38:22 | Алтайдың ар жағынан келген ару · tribute_sent a jugador 6 |
| 38:22 | Алтайдың ар жағынан келген ару · tribute_sent a jugador 7 |
| 38:22 | Алтайдың ар жағынан келген ару · tribute_sent a jugador 8 |
| 40:06 | 500分三高选手 · wall_segment Stone Wall x21 |
| 45:22 | QiuHua · first_building Archery Range |
| 46:47 | Алтайдың ар жағынан келген ару · tribute_sent a jugador 1 |
| 46:47 | Алтайдың ар жағынан келген ару · tribute_sent a jugador 2 |
| 46:47 | Алтайдың ар жағынан келген ару · tribute_sent a jugador 4 |
| 46:47 | Алтайдың ар жағынан келген ару · tribute_sent a jugador 5 |
| 46:47 | Алтайдың ар жағынан келген ару · tribute_sent a jugador 6 |
| 46:47 | Алтайдың ар жағынан келген ару · tribute_sent a jugador 7 |
| 46:47 | Алтайдың ар жағынан келген ару · tribute_sent a jugador 8 |
| 49:42 | Алтайдың ар жағынан келген ару · wall_segment Stone Wall x5 |
| 52:30 | 2067 · wall_segment Stone Wall x9 |
| 52:32 | 2067 · wall_segment Stone Wall x8 |
| 53:25 | Ackerman-lll · tribute_sent a jugador 1 |
| 53:25 | Ackerman-lll · tribute_sent a jugador 2 |
| 53:25 | Ackerman-lll · tribute_sent a jugador 3 |
| 53:25 | Ackerman-lll · tribute_sent a jugador 4 |
| 53:25 | Ackerman-lll · tribute_sent a jugador 5 |
| 53:25 | Ackerman-lll · tribute_sent a jugador 6 |
| 53:25 | Ackerman-lll · tribute_sent a jugador 8 |
| 53:51 | QiuHua · resign |
[ ANÁLISIS IA · 1 CRÉDITO ]
¿Qué pasó realmente en esta partida?
Wolo.gg analiza cada decisión: build order, eco, micro, errores típicos por bracket. Análisis personalizado por WhatsApp o Discord en 30 segundos.
Guía civ
Jemeres
Perfil
Jugador #9726840